 Dungeon Crawl Stone Soup version 0.29.0-4-gdea44cf6ec (webtiles) character file.

Game seed: 13227075882332500979

32 qw the Chopper (level 3, 0/21 HPs)
             Began as a Tengu Warper on Aug 28, 2022.
             Slain by a gnoll
             ... wielding a +0 spear
              (4 damage)
             ... on level 2 of the Dungeon.
             The game lasted 00:00:06 (844 turns).

qw the Chopper (Tengu Warper)                        Turns: 844, Time: 00:00:07

Health: 0/21       AC:  3    Str: 19    XL:     3   Next: 25%
Magic:  7/7        EV: 12    Int: 13    God:
Gold:   64         SH:  0    Dex: 13    Spells: 6/6 levels left

rFire   . . .      SeeInvis .   Y - +0 war axe
rCold   . . .      Faith    .   (no shield)
rNeg    . . .      Spirit   .   b - +0 leather armour
rPois   .          Reflect  .   (helmet restricted)
rElec   .          Harm     .   (no cloak)
rCorr   .          Rampage  .   (no gloves)
Will    +....                   (boots unavailable)
Stlth   +.........              (no amulet)
HPRegen 0.07/turn               e - +6 ring of strength
MPRegen 0.10/turn               i - ring of willpower

@: no status effects
A: beak, talons 3
a: no special abilities


You were on level 2 of the Dungeon.
You visited 1 branch of the dungeon, and saw 2 of its levels.

You collected 64 gold pieces.


Innate Abilities, Weirdness & Mutations

You have a beak for a mouth.
You have claws for feet.


   Skills:
 - Level 2.0 Fighting
 + Level 4.0 Axes
 - Level 1.0 Throwing
 - Level 1.1 Armour
 - Level 2.1 Dodging
 - Level 2.0 Spellcasting
 - Level 2.4 Translocations


You had 6 spell levels left.
You didn't know any spells.
Your spell library contained the following spells:

 Spells                   Type           Power      Damage    Failure   Level
 Blink                    Tloc           14%        N/A       17%         2
 Gell's Gravitas          Tloc           7%         N/A       34%         3
 Lesser Beckoning         Tloc           7%         N/A       34%         3
 Teleport Other           Tloc           7%         N/A       34%         3
 Manifold Assault         Tloc           7%         N/A       97%         5

Inventory:

Hand Weapons
 l - a +0 whip
 Y - a +0 war axe (weapon)
Armour
 b - a +0 leather armour (worn)
Jewellery
 e - a +6 ring of strength (left hand)
 i - a ring of willpower (right hand)
Potions
 d - a potion of lignification {unknown}
 f - a potion of haste {unknown}
 h - a potion of invisibility {unknown}
 j - a potion of ambrosia {unknown}

Dungeon Overview and Level Annotations

Branches:
Dungeon (2/15)

Altars:


Message History

You swap places.
You see here 5 stones.
There is a stone staircase leading down here.
You climb downwards.
Found a stone staircase leading up and a stone staircase leading down.
There is a stone staircase leading up here.
Existing waypoints: (2) D:1 Assign waypoint to what number? (0-9, D - delete waypoint) Waypoint 1 assigned to D:2.
A ball python and a gnoll come into view.
The ball python hisses angrily.
831 ||| Stepping ~*~*~tactically~*~*~ (stealth).
The gnoll shouts!
A gnoll comes into view. It is wielding a +0 flail.
833 ||| Stepping ~*~*~tactically~*~*~ (hiding).
You closely miss the ball python. Your kick misses the ball python.
The ball python misses you. The ball python closely misses you.
The ball python misses you. The ball python grabs you.
The ball python constricts you.
You barely miss the ball python. You claw the ball python.
You kill the ball python!
Your Axes skill increases to level 4!
You start waiting.
A gnoll is nearby!
The gnoll barely misses you.
A gnoll comes into view. It is wielding a +0 flail.
You see here a ball python corpse.
839 ||| Stepping ~*~*~tactically~*~*~ (stealth).
You start waiting.
A gnoll is nearby!
The gnoll hits you from afar with a +0 spear.
You see here a ball python corpse.
The gnoll hits you with a +0 spear!
You completely miss the gnoll. The gnoll hits you with a +0 spear.
You barely miss the gnoll. You peck the gnoll.
The gnoll is moderately wounded.
The gnoll barely misses you. The gnoll hits you with a +0 spear.
You die...

### ##.#
##..# #...#
# #..>#.#
#..g#.####.
#.@.......
##.%#######
#.......#
#.......#
#...<...#
##...<.##
##...##
#####


You could see a gnoll.

Vanquished Creatures
  A dart slug (D:1)
  7 ball pythons
  3 endoplasms (D:1)
  3 goblins (D:1)
  2 hobgoblins (D:1)
  3 jackals (D:1)
  A quokka (D:1)
  2 bats (D:1)
  2 kobolds (D:1)
  3 rats (D:1)
27 creatures vanquished.

Notes
Turn   | Place    | Note
-------+----------+-------------------------------------------
     0 | D:1      | qw the Tengu Warper began the quest for the Orb.
     0 | D:1      | Reached XP level 1. HP: 12/12 MP: 4/4
     0 | D:1      | 0 ||| qw: Version: 0.1-a-89-g26bdef1
     0 | D:1      | 0 ||| qw: Game counter: 1198
     0 | D:1      | 0 ||| qw: Always use a shield: true
     0 | D:1      | 0 ||| qw: God list: Okawaru
     0 | D:1      | 0 ||| qw: Allow faded altars: false
     0 | D:1      | 0 ||| qw: Do Orc after D:15 true
     0 | D:1      | 0 ||| qw: Do second Lair branch before Depths: true
     0 | D:1      | 0 ||| qw: Lair rune preference: random
     0 | D:1      | 0 ||| qw: Plans: Normal
     0 | D:1      | 0 ||| PLANNING D:1-11
    74 | D:1      | 74 ||| Stepping ~*~*~tactically~*~*~ (stealth).
    84 | D:1      | Reached skill level 3 in Axes
    84 | D:1      | Reached XP level 2. HP: 16/17 MP: 6/6
   158 | D:1      | Found a faded altar of an unknown god.
   159 | D:1      | 159 ||| SWAPPING to +0 war axe.
   163 | D:1      | 163 ||| DROPPING +0 hand axe.
   216 | D:1      | 216 ||| Stepping ~*~*~tactically~*~*~ (stealth).
   222 | D:1      | 222 ||| DROPPING +0 club.
   228 | D:1      | 228 ||| Stepping ~*~*~tactically~*~*~ (stealth).
   230 | D:1      | 230 ||| Stepping ~*~*~tactically~*~*~ (stealth).
   351 | D:1      | Reached XP level 3. HP: 21/21 MP: 7/7
   459 | D:1      | 459 ||| Stepping ~*~*~tactically~*~*~ (stealth).
   463 | D:1      | 463 ||| Stepping ~*~*~tactically~*~*~ (stealth).
   792 | D:1      | 792 ||| DROPPING orb of wrath.
   793 | D:1      | 793 ||| UPGRADING to +6 ring of strength.
   794 | D:1      | 794 ||| UPGRADING to ring of willpower.
   795 | D:1      | 795 ||| DROPPING +6 ring of intelligence.
   796 | D:1      | 796 ||| READING scroll labelled OGHOSU XAIMI.
   800 | D:1      | 800 ||| READING scroll labelled YQUNOR NAME.
   801 | D:1      | 801 ||| DROPPING scroll of blinking.
   831 | D:2      | 831 ||| Stepping ~*~*~tactically~*~*~ (stealth).
   833 | D:2      | 833 ||| Stepping ~*~*~tactically~*~*~ (hiding).
   837 | D:2      | Reached skill level 4 in Axes
   839 | D:2      | 839 ||| Stepping ~*~*~tactically~*~*~ (stealth).
   843 | D:2      | HP: 4/21 [gnoll/+0 spear (6)]
   844 | D:2      | Slain by a gnoll

Levels and vault maps discovered:
D:1:      dpeg_arrival_long_road, layout_basic,
          nicolae_ecumenical_snake_handling, minmay_heptomino_l4
D:2:      minmay_door_path, layout_rooms, uniq_jessica, uniq_sigmund

Skill      XL: |  1  2  3 |
---------------+----------+-----
Axes           | 3 4 |  4.0
Fighting       | |  2.0
Throwing       | |  1.0
Armour         | |  1.1
Dodging        | |  2.1
Spellcasting   | |  2.0
Translocations | |  2.4

Action                   || total
-------------------------++-------
Melee: Hand axe          ||    10
       Kick              ||    10
       War axe           ||    26
       Peck              ||     9
       Punch             ||     1
Throw: Boomerang         ||     7
  Use: Scroll            ||     2
Armor: Leather armour    ||     3
Dodge: Dodged            ||    15

Table legend:
 A = Non-vault XP
 B = Vault XP
 C = Vault XP percentage of total XP
 D = Non-vault monster count
 E = Vault monster count
 F = Vault count percentage of total count
                 A         B        C        D         E       F
            +---------+---------+-------+---------+---------+-------
      Total |      37 |       9 |  19.6 |      21 |       6 |  22.2
            +---------+---------+-------+---------+---------+-------
        D:1 |      35 |       9 |  20.5 |      20 |       6 |  23.1
        D:2 |       2 |       0 |   0.0 |       1 |       0 |   0.0
            +---------+---------+-------+---------+---------+-------
